[Event "Titled Tuesday Blitz June 27 Late 2023"]
[White "Krishnan, Varun"]
[Black "Fisher_TheGalactic"]
[WhiteFideId "5054508"]
[WhiteElo "2544"]
[BlackElo "2700"]
[Result "1-0"]
[Round "7"]
[TimeControl "180+2"]
[Date "2023.06.27"]
[WhiteClock "0:00:05"]
[BlackClock "0:00:03"]
[Board "43"]

1. g3 c5 2. e4 Nc6 3. Bg2 b6 4. Ne2 Bb7 5. c3 e6 6. d4 d6 7. O-O Nf6 8. Na3 Be7 9. Nc4 cxd4 10. cxd4 d5 11. exd5 Nxd5 12. Nc3 Nxc3 13. bxc3 O-O 14. Qh5 Rc8 15. Ne3 Na5 16. d5 exd5 17. Nxd5 Bxd5 18. Bxd5 Rxc3 19. Bb2 Rc5 20. Rad1 Qc8 21. Rfe1 Nc6 22. Qf3 Bg5 23. Ba3 Ne7 24. Bxc5 bxc5 25. Bc4 Bf6 26. Rd6 Ng6 27. Qd5 Ne7 28. Qd3 Ng6 29. Rd5 Bd4 30. Rf5 Qc7 31. Qf3 Ne5 32. Qd5 Nxc4 33. Qxc4 g6 34. Rd5 Qa5 35. Rd1 Qa3 36. Qb3 Qa6 37. Rd7 Qc6 38. Qd5 Qf6 39. Rxa7 Qxf2+ 40. Kh1 Qf6 41. Rd7 h5 42. Qg2 h4 43. gxh4 Qxh4 44. Rd5 Re8 45. Rf1 Kg7 46. Rd7 Bf6 47. Rb7 Re5 48. Rb6 Rg5 49. Qf2 Rf5 50. Qxh4 Rxf1+ 51. Kg2 Bxh4 52. Kxf1 Bf6 53. a4 c4 54. Rc6 c3 55. a5 Bd4 56. a6 Kf8 57. Ke2 Ke7 58. Kd3 Kd7 59. Rc4 Bg1 60. Rxc3 Bxh2 61. a7 1-0


[Site "https://www.chess.com"]

[Event "Titled Tuesday Blitz June 27 Late 2023"]
[White "Leenhouts, Koen"]
[Black "Bolourchifard, Farzad"]
[WhiteFideId "1008439"]
[BlackFideId "12510084"]
[WhiteElo "2545"]
[BlackElo "2697"]
[Result "1-0"]
[Round "7"]
[TimeControl "180+2"]
[Date "2023.06.27"]
[WhiteClock "0:00:07"]
[BlackClock "0:00:04"]
[Board "44"]

1. d4 Nf6 2. c4 e6 3. Nc3 Bb4 4. Qc2 O-O 5. Nf3 d5 6. cxd5 exd5 7. Bg5 c6 8. e3 Bg4 9. Ne5 Bh5 10. Bd3 Bg6 11. O-O Bxd3 12. Qxd3 Be7 13. Rab1 a5 14. a3 Nfd7 15. Bxe7 Qxe7 16. Nf3 a4 17. Rfe1 Nf6 18. e4 dxe4 19. Nxe4 Nxe4 20. Rxe4 Qd6 21. Rbe1 Nd7 22. Re7 Rab8 23. Qc4 b5 24. Qe2 Nf6 25. Qe5 Rfd8 26. h3 Qd5 27. Qc7 h6 28. R7e5 Qd6 29. Re8+ Nxe8 30. Rxe8+ Rxe8 31. Qxd6 Re6 32. Qc5 Rd8 33. h4 Rd5 34. Qa7 Rf6 35. Qb8+ Kh7 36. Qe8 g6 37. Qe4 Kg7 38. Ne5 Rdd6 39. g4 Rfe6 40. Qf4 Rf6 41. Qe3 Rfe6 42. Qf3 Rf6 43. Qc3 Rf4 44. d5 cxd5 45. Nd3+ d4 46. Qc5 Rxg4+ 47. Kf1 Re6 48. Qxb5 Rxh4 49. Qxa4 Rh1+ 50. Kg2 Rb1 51. Qxd4+ Kh7 52. Nc5 Re7 53. Nd7 h5 54. Nf6+ Kg7 55. Nd5+ Kf8 56. Qh8# 1-0


[Site "https://www.chess.com"]

[Event "Titled Tuesday Blitz June 27 Late 2023"]
[White "Chor, Kevin"]
[Black "Korchmar, Vasiliy"]
[WhiteFideId "2090740"]
[BlackFideId "24131750"]
[WhiteElo "2541"]
[BlackElo "2694"]
[Result "0-1"]
[Round "7"]
[TimeControl "180+2"]
[Date "2023.06.27"]
[WhiteClock "0:00:27"]
[BlackClock "0:01:34"]
[Board "45"]

1. e4 c5 2. Nf3 d6 3. d4 cxd4 4. Nxd4 Nf6 5. Nc3 Nc6 6. Bg5 Bd7 7. Qd2 a6 8. f3 e6 9. O-O-O Be7 10. h4 Nxd4 11. Qxd4 b5 12. Kb1 Qc7 13. g4 O-O 14. h5 b4 15. Ne2 Rfc8 16. Rc1 e5 17. Qd2 Be6 18. Rd1 Nxe4 19. fxe4 Bxg5 20. Qd3 Bc4 21. Qf3 Bxa2+ 22. Kxa2 Qxc2 23. Qd3 Qa4+ 24. Kb1 b3 0-1


[Site "https://www.chess.com"]

[Event "Titled Tuesday Blitz June 27 Late 2023"]
[White "Boyer, Mahel"]
[Black "ArchibaldCerveza29"]
[WhiteFideId "45102422"]
[WhiteElo "2694"]
[BlackElo "2526"]
[Result "1-0"]
[Round "7"]
[TimeControl "180+2"]
[Date "2023.06.27"]
[WhiteClock "0:01:49"]
[BlackClock "0:00:05"]
[Board "46"]

1. Nf3 d5 2. g3 Nf6 3. Bg2 e6 4. O-O Be7 5. d3 O-O 6. Nbd2 c5 7. e4 Nc6 8. Re1 b5 9. exd5 exd5 10. a4 b4 11. d4 Re8 12. dxc5 Bxc5 13. Rxe8+ Qxe8 14. Nb3 Bb6 15. a5 Bc7 16. Bg5 Be6 17. Bxf6 gxf6 18. Nfd4 Rd8 19. Qd2 Ne5 20. Qxb4 Nc4 21. Nc5 Rb8 22. Qc3 Rxb2 23. Ndxe6 fxe6 24. Qxf6 Qg6 25. Qxe6+ Qxe6 26. Nxe6 Be5 27. Bxd5 Rxc2 28. Re1 Kh8 29. Bxc4 Bc3 30. Re4 1-0


[Site "https://www.chess.com"]

[Event "Titled Tuesday Blitz June 27 Late 2023"]
[White "Sukandar, Irine Kharisma"]
[Black "Mirzoev, Azer"]
[WhiteFideId "7101937"]
[BlackFideId "13400304"]
[WhiteElo "2463"]
[BlackElo "2691"]
[Result "1-0"]
[Round "7"]
[TimeControl "180+2"]
[Date "2023.06.27"]
[WhiteClock "0:00:09"]
[BlackClock "0:00:00"]
[Board "48"]

1. e4 c6 2. Qe2 d5 3. d3 g6 4. g3 Bg7 5. Bg2 dxe4 6. dxe4 b6 7. Nf3 Ba6 8. c4 Nf6 9. O-O O-O 10. Rd1 Qc8 11. Nc3 Nfd7 12. Bd2 Nc5 13. Rac1 Nbd7 14. b4 Ne6 15. b5 Bb7 16. bxc6 Bxc6 17. Nd5 Re8 18. Bb4 Ndc5 19. Bc3 Bxc3 20. Rxc3 Qb7 21. Ne5 Ba4 22. Re1 Kg7 23. f4 f6 24. Nf3 Rad8 25. f5 Nf8 26. e5 Bc6 27. Nd4 Bxd5 28. cxd5 Qd7 29. Ne6+ Nfxe6 30. fxe6 Qc8 31. exf6+ exf6 32. Qf2 Qc7 33. Rec1 Qe5 34. Re3 Qd6 35. Rf1 Re7 36. Qxf6+ Kg8 37. Qg5 Rf8 38. Rxf8+ Kxf8 39. Rf3+ Kg8 40. Qf6 Rc7 41. Rf1 a5 42. Qg5 Rc8 43. Rf7 Rf8 44. Qf6 1-0


[Site "https://www.chess.com"]

[Event "Titled Tuesday Blitz June 27 Late 2023"]
[White "Bernado Lopez, Roger"]
[Black "Vetoshko, Volodymyr"]
[WhiteFideId "24585009"]
[BlackFideId "14122480"]
[WhiteElo "2373"]
[BlackElo "2682"]
[Result "0-1"]
[Round "7"]
[TimeControl "180+2"]
[Date "2023.06.27"]
[WhiteClock "0:00:09"]
[BlackClock "0:00:06"]
[Board "49"]

1. e4 c5 2. Nf3 e6 3. d4 cxd4 4. Nxd4 a6 5. Bd3 Ne7 6. O-O Nbc6 7. c3 g6 8. Re1 Bg7 9. Bc2 O-O 10. Be3 d5 11. Nd2 e5 12. N4f3 h6 13. exd5 Nxd5 14. Bc5 Re8 15. Nc4 Be6 16. Nd6 Re7 17. Bb3 Nf4 18. g3 Bxb3 19. Qxb3 Nd3 20. Nxb7 Rxb7 21. Qxb7 Qc8 22. Qxc8+ Rxc8 23. Be3 e4 24. Nd2 Nxe1 25. Rxe1 f5 26. Rd1 Ne5 27. Nb3 Nd3 28. Rd2 Kf7 29. Bd4 Bxd4 30. Nxd4 Rb8 31. b3 Kf6 32. Kf1 Rc8 33. c4 Ke5 34. Ne2 g5 35. Nc3 f4 36. f3 Kd4 37. Nxe4 Ke3 38. Re2+ Kxf3 39. Nd2+ Kg4 40. Re6 Nc5 41. Rxh6 fxg3 42. hxg3 Kxg3 43. Rb6 Rd8 44. Ke2 Re8+ 45. Kd1 g4 46. b4 Nd3 47. Kc2 Ne1+ 48. Kc3 Kg2 49. c5 g3 50. c6 Nf3 51. Nxf3 Kxf3 52. c7 Rc8 53. Rf6+ Ke2 54. Rf7 g2 55. Rg7 Rxc7+ 56. Rxc7 g1=Q 57. Re7+ Kf3 58. Rf7+ Ke4 59. Kc4 Qg8 60. Kc5 Qxf7 61. Kb6 Qxa2 62. Ka7 Qa4 63. b5 Qxb5 64. Ka8 a5 65. Ka7 Kd5 66. Ka8 a4 67. Ka7 a3 68. Ka8 a2 69. Ka7 a1=Q# 0-1


[Site "https://www.chess.com"]

[Event "Titled Tuesday Blitz June 27 Late 2023"]
[White "Licznerski, Lukasz"]
[Black "Alex_Sahakyan2006"]
[WhiteFideId "1179250"]
[WhiteElo "2849"]
[BlackElo "2678"]
[Result "1/2-1/2"]
[Round "7"]
[TimeControl "180+2"]
[Date "2023.06.27"]
[WhiteClock "0:00:16"]
[BlackClock "0:00:08"]
[Board "50"]

1. e4 c5 2. Nf3 g6 3. d4 cxd4 4. Nxd4 Bg7 5. c4 Nc6 6. Be3 Qb6 7. Nb5 Qa5+ 8. N1c3 Nf6 9. f3 O-O 10. Be2 a6 11. Nd4 Qb6 12. Nxc6 Qxc6 13. O-O d6 14. Qd2 Be6 15. Rac1 Rfc8 16. b3 Qe8 17. Rc2 Nd7 18. Rb1 Qd8 19. Na4 f5 20. exf5 Bxf5 21. Bd3 Qf8 22. Re1 b5 23. cxb5 Rxc2 24. Bxc2 axb5 25. Qd5+ e6 26. Qxb5 Ne5 27. Bxf5 Qxf5 28. Qe2 d5 29. Rc1 d4 30. Bxd4 Nxf3+ 31. Qxf3 Bxd4+ 32. Kh1 Re8 33. Rd1 e5 34. Qxf5 gxf5 35. g3 Rc8 36. Rd2 Kf7 37. Kg2 Ke6 38. Nb2 Rc1 39. Nc4 Kd5 40. Ne3+ Ke4 41. Nc4 Rg1+ 42. Kh3 Kd5 43. Ne3+ Ke6 44. Nc4 Re1 45. Kg2 h5 46. Kh3 Kf6 47. Kh4 Kg6 48. a4 Re4+ 49. Kh3 Re1 50. Ra2 Rb1 51. a5 Rxb3 52. a6 Rb8 53. a7 Ra8 54. Ra6+ Kg5 55. Ra5 e4 56. Nd6 Rxa7 57. Rxf5+ Kg6 58. Rf4 Be5 59. Rxe4 Bxd6 60. Rd4 Kg5 61. Rd5+ Be5 62. Rxe5+ Kg6 63. Re4 Ra2 64. Rb4 Rc2 65. Re4 Rb2 66. Re1 Rc2 67. Re6+ Kg5 68. Re5+ Kg6 69. Re1 Rb2 70. Rg1 Kg5 71. Rg2 Rb3 72. Rd2 Ra3 73. Kg2 Ra5 74. Re2 Rb5 75. Kf3 Rb3+ 76. Re3 Rb5 77. Rd3 Ra5 78. h3 Rb5 79. Ke4 Rb4+ 80. Rd4 Rb3 81. Rd5+ Kg6 82. Kf4 Rb4+ 83. Ke5 Rb3 84. Kf4 Rb4+ 85. Ke3 Rb3+ 86. Rd3 Rb6 87. h4 Ra6 88. Rd4 Kf5 89. Rd5+ Kg6 90. Kf4 Ra4+ 91. Ke5 Ra3 92. Kf4 Ra4+ 93. Ke3 Ra6 94. Kf3 Ra3+ 95. Kg2 Ra6 96. Rg5+ Kh6 97. Rf5 Ra2+ 98. Kf3 Ra3+ 99. Kf4 Rb3 100. Re5 Rb6 101. Kf5 Rb3 102. Kf4 Rb4+ 103. Re4 Rb6 104. Re3 Ra6 105. Kf5 Ra5+ 106. Re5 Ra3 107. Re6+ Kg7 108. Kf4 Ra5 109. Re5 Ra4+ 110. Re4 Ra3 111. Re6 Rb3 112. Rd6 Ra3 113. Rd5 Ra4+ 114. Kf3 Kg6 115. Rd6+ Kg7 116. Rb6 Rc4 117. Re6 Rb4 118. Re4 Rb3+ 119. Kf4 Kg6 120. Re6+ Kg7 121. Re3 Rb5 122. Rd3 Ra5 123. Rd6 Rb5 124. Re6 Ra5 125. Re5 Ra4+ 126. Kg5 Rg4+ 127. Kxh5 Rxg3 128. Rg5+ Rxg5+ 129. hxg5 Kh7 130. Kg4 Kg6 131. Kf4 Kg7 132. Kf5 Kf7 133. g6+ Kg7 134. Kg5 Kg8 135. Kg4 Kg7 136. Kh5 Kg8 137. Kh6 Kh8 138. g7+ Kg8 139. Kg6 1/2-1/2


[Site "https://www.chess.com"]

[Event "Titled Tuesday Blitz June 27 Late 2023"]
[White "Hamidi, Amir Mohammad"]
[Black "Coelho, Ramyres Santana"]
[WhiteFideId "12563285"]
[BlackFideId "2120690"]
[WhiteElo "2816"]
[BlackElo "2330"]
[Result "1-0"]
[Round "7"]
[TimeControl "180+2"]
[Date "2023.06.27"]
[WhiteClock "0:01:55"]
[BlackClock "0:00:00"]
[Board "51"]

1. d4 c5 2. dxc5 e6 3. Nc3 Bxc5 4. e4 Qh4 5. Qf3 Nc6 6. Bd3 Nd4 7. Qg3 Qf6 8. e5 Qd8 9. Qxg7 Qh4 10. Ne4 Bb6 11. Bg5 Nf5 12. Nd6+ Nxd6 13. Bxh4 1-0


[Site "https://www.chess.com"]

[Event "Titled Tuesday Blitz June 27 Late 2023"]
[White "Domingo Nunez, Ruben"]
[Black "Matinian, Nikita"]
[WhiteFideId "22245570"]
[BlackFideId "24129100"]
[WhiteElo "2568"]
[BlackElo "2726"]
[Result "1-0"]
[Round "7"]
[TimeControl "180+2"]
[Date "2023.06.27"]
[WhiteClock "0:00:34"]
[BlackClock "0:00:00"]
[Board "52"]

1. a3 e5 2. h3 d5 3. g3 c5 4. Bg2 Nc6 5. d3 Nf6 6. c4 dxc4 7. dxc4 Qxd1+ 8. Kxd1 Bf5 9. Nd2 O-O-O 10. g4 Bg6 11. Nf3 h5 12. g5 Ne4 13. Ke1 Nxd2 14. Bxd2 e4 15. Nh4 Bh7 16. g6 fxg6 17. Bxe4 Bd6 18. Bg5 Be7 19. Bxe7 Nxe7 20. Rg1 Rd4 21. f3 g5 22. Rxg5 Bxe4 23. fxe4 Rxe4 24. Nf3 Rxc4 25. Rxg7 Nf5 26. Rg5 Ne3 27. b3 Rc3 28. Kd2 Rxb3 29. Rxc5+ Kb8 30. Rac1 Rd8+ 31. Ke1 Rxa3 32. Rxh5 Ng2+ 33. Kf2 Nf4 34. Rf5 Ne6 35. h4 Rh8 36. h5 a5 37. Re5 Nf4 38. Rc4 Nh3+ 39. Kg2 a4 40. Kxh3 Ra1 41. Ra5 a3 42. Rca4 Rg8 43. Ra8+ Kc7 44. Rxg8 b5 45. Ra7+ Kb6 46. Rga8 b4 47. Nd4 Rh1+ 48. Kg4 Kc5 49. Nc2 Kc4 50. Nxa3+ bxa3 51. Rxa3 1-0


[Site "https://www.chess.com"]

[Event "Titled Tuesday Blitz June 27 Late 2023"]
[White "Pakleza, Zbigniew"]
[Black "Nefedov, Sergey"]
[WhiteFideId "1119290"]
[BlackFideId "24113417"]
[WhiteElo "2718"]
[BlackElo "2568"]
[Result "0-1"]
[Round "7"]
[TimeControl "180+2"]
[Date "2023.06.27"]
[WhiteClock "0:00:03"]
[BlackClock "0:00:06"]
[Board "53"]

1. d4 d5 2. Bf4 Bf5 3. c4 c6 4. cxd5 cxd5 5. Nc3 Nc6 6. Qb3 Nxd4 7. Qxb7 Nc2+ 8. Kd2 Nxa1 9. e3 f6 10. Nf3 g5 11. Bc7 Qc8 12. Ba6 Kf7 13. Rxa1 Qxb7 14. Bxb7 Re8 15. Nd4 Nh6 16. Bxd5+ e6 17. Bb3 Bb4 18. Rc1 Rc8 19. Bg3 Rhd8 20. Ke1 Ke7 21. a3 Bxc3+ 22. bxc3 e5 23. Ne2 Be6 24. c4 Nf5 25. Rc3 h5 26. f3 Nxg3 27. Nxg3 h4 28. Ne4 Rb8 29. Nd2 Bf7 30. Ke2 Rd7 31. e4 Rbd8 32. Rc2 Rd4 33. Ba2 Rd3 34. Nf1 Rxa3 35. Ne3 Kf8 36. Rb2 Rc8 37. g3 hxg3 38. hxg3 Ra6 39. Rd2 Rb6 40. Nd5 Ra6 41. Ne3 Be6 42. Bb1 Ke7 43. Bd3 Rc7 44. Rb2 Rb6 45. Rc2 a5 46. c5 Rbc6 47. Rb2 Rxc5 48. Rb6 R5c6 49. Rb8 Ra7 50. Rb1 a4 51. Ra1 a3 52. Kd2 a2 53. Nc2 Rb6 54. Kc3 Rb1 55. f4 Rc7+ 56. Kd2 Rxc2+ 57. Bxc2 Rxa1 58. fxe5 fxe5 0-1


[Site "https://www.chess.com"]

[Event "Titled Tuesday Blitz June 27 Late 2023"]
[White "Ambartsumova, Karina"]
[Black "Goltsev, Dmitry"]
[WhiteFideId "4166299"]
[BlackFideId "24176710"]
[WhiteElo "2564"]
[BlackElo "2704"]
[Result "1/2-1/2"]
[Round "7"]
[TimeControl "180+2"]
[Date "2023.06.27"]
[WhiteClock "0:00:16"]
[BlackClock "0:01:12"]
[Board "54"]

1. Nf3 c5 2. c4 Nf6 3. Nc3 d5 4. cxd5 Nxd5 5. e3 Nxc3 6. bxc3 g6 7. d4 cxd4 8. cxd4 Bg7 9. Bb5+ Bd7 10. Be2 O-O 11. O-O Nc6 12. Rb1 b6 13. d5 Na5 14. Bb2 Bf5 15. Bxg7 Kxg7 16. Qd4+ f6 17. Rbc1 Rc8 18. Ba6 Rxc1 19. Rxc1 Qd6 20. e4 Bd7 21. e5 Qa3 22. Rc7 Qxa2 23. Rxd7 Qb1+ 24. Bf1 Qf5 25. Rxe7+ Kh8 26. exf6 Qxf6 27. d6 Nc6 28. Qxf6+ Rxf6 29. Re8+ Kg7 30. d7 Rd6 31. Rc8 Rxd7 32. Rxc6 h6 33. g3 g5 34. h3 Rb7 35. Ba6 Rf7 36. Kg2 Rd7 37. Ne5 Rd5 38. Rc7+ Kf6 39. Ng4+ Kg6 40. Rxa7 h5 41. Ne3 Rd2 42. Rb7 Rb2 43. Nc4 Ra2 44. Rxb6+ Kf5 45. Ne3+ Ke5 46. Bc4 Ra1 47. Re6+ Kd4 48. Rg6 Rc1 49. Rxg5 h4 50. gxh4 Ke4 51. h5 Kf4 52. Rg4+ Ke5 53. h6 Ra1 54. h7 Ra8 55. Rg8 Rf8 56. h8=Q+ Ke4 57. Rg4+ Rf4 58. Rxf4+ Kxf4 59. Qf6+ Ke4 60. Qf5+ Kd4 61. Qd5+ Kc3 62. Be2 Kb2 63. Qd2+ Ka3 64. Bd1 1/2-1/2


[Site "https://www.chess.com"]

[Event "Titled Tuesday Blitz June 27 Late 2023"]
[White "Ladron De Guevara Pinto, Paolo"]
[Black "Goryachkina, Aleksandra"]
[WhiteFideId "2290847"]
[BlackFideId "4147103"]
[WhiteElo "2558"]
[BlackElo "2663"]
[Result "0-1"]
[Round "7"]
[TimeControl "180+2"]
[Date "2023.06.27"]
[WhiteClock "0:00:04"]
[BlackClock "0:01:38"]
[Board "55"]

1. e4 c6 2. d4 d5 3. exd5 cxd5 4. Bd3 Nc6 5. c3 Nf6 6. Bf4 Bg4 7. Qb3 Qd7 8. Nd2 e6 9. Ngf3 Bd6 10. Ne5 Qc7 11. Bb5 Bh5 12. O-O O-O 13. Bxc6 bxc6 14. Rfe1 Rab8 15. Qc2 c5 16. dxc5 Qxc5 17. Bg5 Bxe5 18. Rxe5 Ng4 19. Be3 Nxe3 20. Rxe3 d4 21. Nb3 Rxb3 22. axb3 dxe3 23. fxe3 Qxe3+ 24. Qf2 Qb6 25. b4 Rd8 26. h3 Rd1+ 27. Rxd1 Bxd1 28. Qxb6 axb6 29. Kf2 Kf8 30. Ke3 Ke7 31. Kd4 Kd6 32. c4 e5+ 33. Kc3 f5 0-1


[Site "https://www.chess.com"]

[Event "Titled Tuesday Blitz June 27 Late 2023"]
[White "Jimenez Almeida, Luis David"]
[Black "Lamard, Guillaume"]
[WhiteFideId "22242244"]
[BlackFideId "600261"]
[WhiteElo "2550"]
[BlackElo "2646"]
[Result "1-0"]
[Round "7"]
[TimeControl "180+2"]
[Date "2023.06.27"]
[WhiteClock "0:00:17"]
[BlackClock "0:00:00"]
[Board "56"]

1. e4 c5 2. Nc3 d6 3. Nge2 Nf6 4. d4 cxd4 5. Nxd4 a6 6. Bg5 e6 7. f4 Qc7 8. Qf3 Nc6 9. O-O-O Nxd4 10. Rxd4 Be7 11. h4 h6 12. Bxf6 Bxf6 13. Rd3 b5 14. g4 Bb7 15. Kb1 Rc8 16. Rh2 b4 17. Nd1 a5 18. Rhd2 d5 19. exd5 Bxd5 20. Rxd5 exd5 21. g5 Be7 22. Bb5+ Kf8 23. g6 fxg6 24. Ne3 Bf6 25. Nxd5 Qd6 26. Bd3 Rd8 27. Bxg6 Bxb2 28. h5 Bf6 29. Qe2 Bc3 30. Rd3 Qc5 31. Qg2 Rc8 32. Qg4 Rd8 33. Qg2 1-0


[Site "https://www.chess.com"]

[Event "Titled Tuesday Blitz June 27 Late 2023"]
[White "Tologon tegin, Semetei"]
[Black "cafu1950"]
[WhiteFideId "13800574"]
[WhiteElo "2547"]
[BlackElo "2629"]
[Result "1-0"]
[Round "7"]
[TimeControl "180+2"]
[Date "2023.06.27"]
[WhiteClock "0:00:22"]
[BlackClock "0:00:00"]
[Board "57"]

1. g3 Nf6 2. Bg2 d5 3. d3 c5 4. Nd2 Nc6 5. e4 g6 6. Ngf3 Bg7 7. O-O O-O 8. Re1 e6 9. c3 a5 10. Qc2 a4 11. Nf1 b6 12. e5 Nd7 13. Bf4 Ba6 14. h4 a3 15. bxa3 Bb5 16. Rab1 Ba4 17. Qd2 b5 18. N1h2 h5 19. g4 hxg4 20. Nxg4 Ne7 21. Bg5 Qe8 22. Nf6+ Bxf6 23. Bxf6 Nf5 24. Bh3 Nxf6 25. exf6 Qd8 26. Qg5 Kh7 27. Bxf5 exf5 28. Kg2 Ra6 29. Re7 Qd6 30. Qe3 Qxf6 31. Ng5+ Kg7 32. Qxc5 f4 33. Rbe1 Rc6 34. Qa7 Rxc3 35. Ne6+ Kg8 36. Nxf8 f3+ 37. Kg3 g5 38. Nh7 gxh4+ 39. Kh2 Qf4+ 40. Kh1 Rc1 41. Qa8+ Kxh7 42. Qxd5 Rxe1+ 43. Rxe1 Qg4 44. Qxf7+ Kh6 45. Re6+ 1-0


[Site "https://www.chess.com"]

[Event "Titled Tuesday Blitz June 27 Late 2023"]
[White "Vaibhav Jayant Raut"]
[Black "Delorme, Axel"]
[WhiteFideId "5089034"]
[BlackFideId "632023"]
[WhiteElo "2626"]
[BlackElo "2541"]
[Result "1-0"]
[Round "7"]
[TimeControl "180+2"]
[Date "2023.06.27"]
[WhiteClock "0:00:52"]
[BlackClock "0:00:06"]
[Board "58"]

1. Nf3 d5 2. g3 e6 3. Bg2 c5 4. O-O Nc6 5. d3 Nf6 6. Nbd2 Be7 7. e4 O-O 8. Re1 b5 9. a4 b4 10. b3 Bb7 11. Bb2 Rc8 12. exd5 exd5 13. Nh4 d4 14. Nc4 Re8 15. Nf5 Qd7 16. Nxe7+ Rxe7 17. Rxe7 Qxe7 18. Bc1 Re8 19. Bg5 Nd8 20. Bxb7 Nxb7 21. Qf3 Nd6 22. Bxf6 gxf6 23. Nd2 Qe2 24. Qxe2 Rxe2 25. Rd1 Kg7 26. Kf1 Re7 27. Re1 Rxe1+ 28. Kxe1 f5 29. Ke2 Kf6 30. Kf3 Ke5 31. Kg2 f4 32. g4 Kf6 33. h4 Ke5 34. Nf3+ Kd5 35. Ng5 h6 36. Nh7 Ke6 37. Kf3 Ke5 38. Nf8 Kd5 39. Kxf4 f6 40. Nd7 c4 41. dxc4+ Nxc4 42. bxc4+ Kxc4 43. Ke4 Kc3 44. Nc5 Kxc2 45. Kxd4 b3 46. Nxb3 Kxb3 47. a5 Kb4 48. a6 Kb5 49. f4 Kxa6 50. g5 fxg5 51. fxg5 hxg5 52. hxg5 Kb5 53. g6 1-0


[Site "https://www.chess.com"]

[Event "Titled Tuesday Blitz June 27 Late 2023"]
[White "Bitoon, Richard"]
[Black "Vovk, Orest"]
[WhiteFideId "5201110"]
[BlackFideId "14113490"]
[WhiteElo "2584"]
[BlackElo "2517"]
[Result "0-1"]
[Round "7"]
[TimeControl "180+2"]
[Date "2023.06.27"]
[WhiteClock "0:00:00"]
[BlackClock "0:01:15"]
[Board "59"]

1. e4 g5 2. d4 g4 3. Qxg4 d5 4. Qe2 dxe4 5. Qxe4 Nf6 6. Qd3 Nc6 7. Nf3 Bg4 8. c3 Qd5 9. Be2 O-O-O 10. Nbd2 Rg8 11. Qc4 Qh5 12. Qb5 e5 13. Nxe5 Rd5 14. Bxg4+ Rxg4 15. Qb3 Nxe5 16. dxe5 Rxe5+ 17. Kf1 Rxg2 18. Qc4 Qh3 0-1


[Site "https://www.chess.com"]

[Event "Titled Tuesday Blitz June 27 Late 2023"]
[White "Janaszak, Dawid"]
[Black "Czerw, Dawid"]
[WhiteFideId "1119206"]
[BlackFideId "1145746"]
[WhiteElo "2576"]
[BlackElo "2513"]
[Result "1-0"]
[Round "7"]
[TimeControl "180+2"]
[Date "2023.06.27"]
[WhiteClock "0:01:20"]
[BlackClock "0:00:12"]
[Board "60"]

1. e4 c5 2. Nc3 Nc6 3. Bb5 Nd4 4. Nf3 g6 5. O-O Bg7 6. e5 Nh6 7. Re1 O-O 8. d3 Nhf5 9. Bc4 Rb8 10. a4 b6 11. Bg5 Bb7 12. Nxd4 Nxd4 13. Nd5 Re8 14. c3 Ne6 15. Bh4 Bxd5 16. Bxd5 Qc7 17. Bg3 Rbc8 18. h4 h5 19. f4 Bh6 20. f5 gxf5 21. Qxh5 f4 22. Qxh6 fxg3 23. Re4 Ng7 24. Rae1 e6 25. Rg4 1-0


[Site "https://www.chess.com"]

[Event "Titled Tuesday Blitz June 27 Late 2023"]
[White "Ozates, Tuna"]
[Black "Reprintsev, Alexander"]
[WhiteFideId "6354521"]
[BlackFideId "14100541"]
[WhiteElo "2569"]
[BlackElo "2495"]
[Result "1-0"]
[Round "7"]
[TimeControl "180+2"]
[Date "2023.06.27"]
[WhiteClock "0:01:16"]
[BlackClock "0:00:17"]
[Board "61"]

1. e4 d5 2. exd5 Qxd5 3. Nc3 Qa5 4. g3 h5 5. h3 f5 6. Nge2 h4 7. Nf4 Nc6 8. Be2 hxg3 9. Bh5+ Kd8 10. fxg3 Nf6 11. Bf3 Ne5 12. d4 Nxf3+ 13. Qxf3 Ne4 14. O-O Nxc3 15. bxc3 g5 16. Ng6 Rg8 17. Nxf8 Rxf8 18. Bxg5 f4 19. h4 Bh3 20. Rfe1 Rf7 21. Re5 Qb6 22. g4 Qb2 23. Rae1 Qxc2 24. Rxe7 Rxe7 25. Rxe7 Kc8 26. Re8+ Kd7 27. Qd5+ Kxe8 28. Qe6+ Kf8 29. Bh6# 1-0


[Site "https://www.chess.com"]

[Event "Titled Tuesday Blitz June 27 Late 2023"]
[White "Martinez Reyes, Pedro Ramon"]
[Black "Laurent-Paoli, Pierre"]
[WhiteFideId "3901807"]
[BlackFideId "26017962"]
[WhiteElo "2525"]
[BlackElo "2711"]
[Result "1-0"]
[Round "7"]
[TimeControl "180+2"]
[Date "2023.06.27"]
[WhiteClock "0:00:48"]
[BlackClock "0:00:12"]
[Board "62"]

1. e4 c6 2. b3 d5 3. Bb2 Nf6 4. e5 Ne4 5. f3 Nc5 6. d4 Ne6 7. c4 Nc7 8. Bd3 e6 9. Ne2 dxc4 10. bxc4 b5 11. O-O Ba6 12. c5 Nd5 13. Qd2 b4 14. Ng3 Bxd3 15. Qxd3 Qa5 16. Nd2 Nd7 17. Nge4 Qb5 18. Nc4 Qa4 19. Qb3 Qxb3 20. axb3 f5 21. exf6 gxf6 22. Ra6 Nb8 23. Ra4 f5 24. Ned6+ Bxd6 25. Nxd6+ Kd7 26. Rfa1 a6 27. Bc1 Rg8 28. Bd2 f4 29. Kf2 e5 30. dxe5 Ke6 31. g3 Nd7 32. Rxa6 Rxa6 33. Rxa6 Nxc5 34. Rxc6 fxg3+ 35. hxg3 Nxb3 36. Nc4+ Ke7 37. Be1 Nd4 38. Rc5 Nc3 39. Ne3 Ndb5 40. Rc4 Ra8 41. Rxb4 Ra2+ 42. Kf1 Ke6 43. f4 h5 44. Rc4 Ra3 45. Rc6+ Kd7 46. Rc5 Rb3 47. Nd5 Nxd5 48. Rxd5+ Ke6 49. Rc5 Kf5 50. Bf2 Nc3 51. e6+ Kxe6 52. Rxh5 Kf6 53. Bd4+ Kg6 54. Rg5+ Kh6 55. Bxc3 Rxc3 56. Kg2 Rc2+ 57. Kh3 Ra2 58. Kg4 Ra4 59. Re5 Rb4 60. Re6+ Kg7 61. Kg5 Rb5+ 62. f5 Rb4 63. g4 Rb7 64. Rg6+ Kf7 65. Rh6 Kg7 66. f6+ Kg8 67. Kg6 Rg7+ 68. Kf5 Ra7 69. Rh1 Ra6 70. Kg6 Ra7 71. Rb1 Rg7+ 72. Kf5 Rc7 73. g5 Kf7 74. Re1 Rc5+ 75. Re5 Rc7 76. Re7+ Rxe7 77. fxe7 Kxe7 78. Kg6 Kf8 79. Kh7 Kf7 80. g6+ Kf6 81. g7 Kg5 82. g8=Q+ Kh5 83. Qa2 Kh4 84. Qd5 Kh3 85. Kg6 Kh2 86. Qf3 Kg1 87. Qe2 Kh1 88. Kg5 Kg1 89. Kg4 Kh1 90. Kg3 Kg1 91. Qe1# 1-0


[Site "https://www.chess.com"]

[Event "Titled Tuesday Blitz June 27 Late 2023"]
[White "Hambleton, Aman"]
[Black "Tissir, Mohamed"]
[WhiteFideId "2606577"]
[BlackFideId "9000240"]
[WhiteElo "2694"]
[BlackElo "2520"]
[Result "1-0"]
[Round "7"]
[TimeControl "180+2"]
[Date "2023.06.27"]
[WhiteClock "0:00:02"]
[BlackClock "0:00:13"]
[Board "63"]

1. e4 c5 2. Bc4 a6 3. a4 e6 4. Nc3 Nc6 5. d3 Qc7 6. Nf3 Nf6 7. h3 Be7 8. O-O d6 9. Bf4 O-O 10. Re1 Nd7 11. Qd2 Nde5 12. Nxe5 dxe5 13. Be3 Bd6 14. Ne2 b6 15. Kh1 Bb7 16. Ng1 Rad8 17. Nf3 Nd4 18. Qd1 Kh8 19. Nxd4 exd4 20. Bd2 Bf4 21. Qc1 Bxd2 22. Qxd2 Rde8 23. f4 f5 24. exf5 exf5 25. Kg1 Qc6 26. Qf2 Re3 27. Rxe3 dxe3 28. Qg3 b5 29. axb5 axb5 30. Bb3 c4 31. dxc4 bxc4 32. Ba4 Qd5 33. Re1 Qd4 34. Qxe3 Qxb2 35. Qe7 Rg8 36. Kh2 Be4 37. Be8 Qxc2 38. Rg1 Qd2 39. Qe5 c3 40. Bf7 Rf8 41. Qe7 Qxf4+ 42. Kh1 Qb8 43. h4 c2 44. h5 Rc8 45. h6 gxh6 46. Qf6# 1-0


[Site "https://www.chess.com"]